 Dungeon Crawl Stone Soup version 0.25-a0-474-ga8a2ee3166 (webtiles) character file.

Game seed: 581570960905895893, levelgen mode: deterministic

56 kae the Vexing (level 3, -1/16 HPs)
             Began as a Spriggan Enchanter on Feb 7, 2020.
             Slain by a hobgoblin
             ... wielding a +0 club
              (4 damage)
             ... on level 2 of the Dungeon.
             The game lasted 00:03:08 (2383 turns).

kae the Vexing (Spriggan Enchanter)                 Turns: 2383, Time: 00:03:08

Health: -1/16      AC:  3    Str:  3 (5)  XL:     3   Next: 69%
Magic:  2/8        EV: 18    Int: 16      God:
Gold:   72         SH:  0    Dex: 14 (16) Spells: 4/7 levels left

rFire    . . .     SeeInvis +   a - +2 dagger
rCold    . . .     Gourm    .   (shield restricted)
rNeg     . . .     Faith    .   b - +1 robe
rPois    .         Spirit   .   (helmet restricted)
rElec    .         Reflect  .   (no cloak)
rCorr    .         Harm     .   (gloves unavailable)
MR       .....                  (boots unavailable)
Stlth    +++.......             (no amulet)
HPRegen  0.05/turn              (no ring)
MPRegen  0.11/turn              (no ring)

@: very slightly contaminated, very quick
A: very small, unfitting armour, see invisible, herbivore, speed 3, slow
metabolism 2
a: no special abilities


You were on level 2 of the Dungeon.
You were near starving.

You visited 1 branch of the dungeon, and saw 2 of its levels.

You collected 72 gold pieces.

Inventory:

Hand Weapons
 a - a +2 dagger (weapon)
Armour
 b - a +1 robe (worn)
Scrolls
 c - a scroll of immolation {unknown}
 e - a scroll of magic mapping
 f - 2 scrolls of identify
Potions
 g - a potion of berserk rage
 h - a potion of mutation {unknown}
 i - a potion of curing
 j - a potion of lignification {unknown}
 k - a potion of agility {unknown}
Comestibles
 d - 4 rations


   Skills:
 + Level 2.9 Short Blades
 - Level 3.0 Dodging
 - Level 4.4 Stealth
 - Level 2.6 Spellcasting
 + Level 4.8 Hexes


You had 4 spell levels left.
You knew the following spells:

 Your Spells              Type           Power        Failure   Level  Hunger
a - Corona                Hex            ###....      2%          1    #......
b - Ensorcelled Hibernat  Hex/Ice        #.....       11%         2    ##.....

Your spell library contained the following spells:

 Spells                   Type           Power        Failure   Level  Hunger
 Confusing Touch          Hex            ###.....     9%          3    ###....
 Tukima's Dance           Hex            ###.....     9%          3    ###....
 Dazzling Flash           Conj/Hex       #.....       22%         3    ###....


Dungeon Overview and Level Annotations

Branches:
Dungeon (2/15)

Altars:


Innate Abilities, Weirdness & Mutations

You are very small and have problems with some larger weapons.
You are too small for most types of armour.
You have supernaturally acute eyesight. (SInv)
You are a herbivore.
You cover ground extremely quickly.
You need to consume almost no food.


Message History

* * * LOW HITPOINT WARNING * * *
The kobold throws a stone.
The stone barely misses you.
Casting: Corona (safe; 2% risk of failure)
Confirm with . or Enter, or press ? or * to list all spells.
Aiming: Ensorcelled Hibernation (safe; 11% risk of failure)
Press: ? - help, Shift-Dir - straight line, f/p - kobold
Aim: a kobold, wearing a +0 chain mail and quivering a stone (moderately wounded, softly glowing, chance to defeat MR: 58%)
The kobold looks drowsy...
The kobold stops glowing.
The helpless kobold fails to defend itself.
You puncture the kobold!
You kill the kobold!
Casting: Ensorcelled Hibernation (safe; 11% risk of failure)
Confirm with . or Enter, or press ? or * to list all spells.
Aiming: Ensorcelled Hibernation (safe; 11% risk of failure)
Press: ? - help, Shift-Dir - straight line, f - hobgoblin
Aim: a hobgoblin, wielding a +0 club (chance to defeat MR: 58%)
The hobgoblin resists with significant effort.
The hobgoblin hits you with a +0 club.
You die...

,**,,* *,..,,,,,,,,,.♣**,*,,,,,,,
,***,****...,,,,,,,#.♣*,,*,,,,,,,
,,*,,>,,,....,,,,,,..**,,*,,,,,,,
,*♣...,,,....♣,♣**..,*,***,,,,,,,
,,♣...##...,...###.#**,,**,,,,,,,
.♣♣......#.##♣[♣(..# *,,**,,,,,,,
.♣♣......#..#....#.#*♣♣,*,,,,,,,,
.♣♣(.#.#.##..♣.♣.#.#,.,,,,,,,,,,,
.♣♣..#...#...#.#@#.#.#**,,,,,,,,,
.♣*#....##..##.#g#.#.###,,,,,,,,,
.####..#)....#=..s.....#.#,,,,,,*
##.......###.##.#..s.....#*******
........## #.##.........##
.........###.#........#.#
........<#.....#....♣.♣,♣
.........#....##.#..#...*
....(....#..........♣,..♣


You could see a giant cockroach and a hobgoblin.

Vanquished Creatures
  An adder (D:2)
  A gnoll (D:1)
  A dart slug (D:2)
  2 bats (D:2)
  A giant cockroach (D:2)
  4 goblins (D:1)
  7 hobgoblins (D:1)
  2 jackals (D:1)
  3 frilled lizards
  6 kobolds
  5 rats (D:1)
33 creatures vanquished.

Notes
Turn   | Place    | Note
-------+----------+-------------------------------------------
     0 | D:1      | kae the Spriggan Enchanter began the quest for the Orb.
     0 | D:1      | Reached XP level 1. HP: 9/9 MP: 5/5
   343 | D:1      | Reached XP level 2. HP: 13/13 MP: 4/6
   348 | D:1      | Learned a level 2 spell: Ensorcelled Hibernation
  1609 | D:1      | Reached XP level 3. HP: 4/16 MP: 0/8
  2143 | D:2      | Found a faded altar of an unknown god.
  2383 | D:2      | Slain by a hobgoblin

Levels and vault maps discovered:
D:1:      psy_arrival_fountain, layout_loops_corners
D:2:      layout_rooms, ashenzari_conservatory_becter,
          chequers_ecumenical_altar_island, serial_forest,
          infiniplex_forest_clump_medium, infiniplex_forest_clump_medium,
          infiniplex_forest_lined_2, infiniplex_forest_lined_1,
          infiniplex_forest_zigzag_1, infiniplex_forest_straight_1,
          infiniplex_forest_lined_room_, infiniplex_forest_straight_5,
          infiniplex_forest_lined_3, first_ration

Skill      XL: |  1  2 |
---------------+-------+-----
Hexes          | 4 |  4.8
Short Blades   | 2 |  2.9
Dodging        | |  3.0
Stealth        | |  4.4
Spellcasting   | |  2.6

Action                   || total
-------------------------++-------
Melee: Dagger            ||   123
 Cast: Corona            ||    15
       Ensorcelled Hiber ||    29
  Use: Potion            ||     2
       Scroll            ||     6
 Stab: Sleeping          ||    16
Armor: Robe              ||    18
Dodge: Dodged            ||   113

Table legend:
 A = Non-vault XP
 B = Vault XP
 C = Vault XP percentage of total XP
 D = Non-vault monster count
 E = Vault monster count
 F = Vault count percentage of total count
                 A         B        C        D         E       F
            +---------+---------+-------+---------+---------+-------
      Total |      80 |       0 |   0.0 |      33 |       0 |   0.0
            +---------+---------+-------+---------+---------+-------
        D:1 |      51 |       0 |   0.0 |      24 |       0 |   0.0
        D:2 |      29 |       0 |   0.0 |       9 |       0 |   0.0
            +---------+---------+-------+---------+---------+-------
